 Dungeon Crawl Stone Soup version 0.25.1-2-g60ff931df9 (webtiles) character file.

Game seed: 604084186725860369

30 pokeman the Magician (level 3, 0/20 HPs)
             Began as a Deep Elf Wizard on Nov 18, 2020.
             Slain by an adder (2 damage)
             ... on level 1 of the Dungeon.
             The game lasted 00:04:08 (1229 turns).

pokeman the Magician (Deep Elf Wizard)              Turns: 1229, Time: 00:04:08

Health: 0/20       AC:  5    Str:  4    XL:     3   Next: 3%
Magic:  3/11       EV: 11    Int: 23    God:
Gold:   54         SH:  0    Dex: 13    Spells: 11/12 levels left

rFire    . . .     SeeInvis .   l - +0 hand axe
rCold    . . .     Gourm    .   (no shield)
rNeg     . . .     Faith    .   k - +0 leather armour
rPois    .         Spirit   .   h - +2 hat
rElec    .         Reflect  .   (no cloak)
rCorr    .         Harm     .   (no gloves)
MR       .....     Rnd*Tele +   (no boots)
Stlth    ++........             (no amulet)
HPRegen  0.06/turn              i - ring of teleportation (curse)
MPRegen  0.12/turn              (no ring)

@: no status effects
A: no striking features
a: no special abilities


You were on level 1 of the Dungeon.
You were hungry.

You visited 1 branch of the dungeon, and saw 2 of its levels.

You collected 54 gold pieces.

Inventory:

Hand Weapons
 l - a +0 hand axe (weapon)
Armour
 h - a +2 hat (worn)
 k - a +0 leather armour (worn)
Jewellery
 i - a cursed ring of teleportation (left hand)
Scrolls
 a - a scroll of magic mapping {unknown}
 b - a scroll of fog {unknown}
 e - a scroll of remove curse {unknown}
 j - a scroll of identify {unknown}
Potions
 c - 2 potions of curing {unknown}
 g - 2 potions of mutation {unknown}
Comestibles
 d - 3 rations
 f - a chunk of flesh


   Skills:
 + Level 0.7 Fighting
 + Level 0.7 Armour
 - Level 2.4 Dodging
 - Level 2.4 Stealth
 * Level 5.1 Spellcasting
 + Level 1.7 Conjurations
   Level 1.1 Summonings
   Level 1.1 Translocations


You had 11 spell levels left.
You knew the following spells:

 Your Spells              Type           Power        Failure   Level  Hunger
a - Magic Dart            Conj           ##..         9%          1    None

Your spell library contained the following spells:

 Spells                   Type           Power        Failure   Level  Hunger
 Blink                    Tloc           N/A          16%         2    None
 Call Imp                 Summ           ##......     16%         2    None
 Slow                     Hex            #.......     26%         2    None
 Conjure Flame            Conj/Fire      #.......     34%         3    ##.....
 Mephitic Cloud           Conj/Pois/Air  #.......     36%         3    ##.....


Dungeon Overview and Level Annotations

Branches:
Dungeon (2/15)

Altars:
Okawaru


Message History

You see here 11 sling bullets.
The adder bites you but does no damage. The adder barely misses you.
Casting: Magic Dart (safe; 9% risk of failure)
Confirm with . or Enter, or press ? or * to list all spells.
Aiming: Magic Dart (safe; 9% risk of failure)
Press: ? - help, Shift-Dir - straight line, f - adder
Aim: an adder The magic dart hits the adder.
The adder is lightly wounded.
The adder misses you.
Casting: Magic Dart (safe; 9% risk of failure)
Confirm with . or Enter, or press ? or * to list all spells.
Aiming: Magic Dart (safe; 9% risk of failure)
Press: ? - help, Shift-Dir - straight line, f/p - adder
Aim: an adder (lightly wounded)
The magic dart hits the adder.
The adder is moderately wounded.
The adder bites you.
You die...

#.#######.[# ##...#.#
#.#######..# #...#(#
#.#........# #...#)#
#.#.######.####
##..#.#
#.#.#.........#
#..#.#
#.#.#......##.#
#..#.#
#.#.#......##.#
#..#.#
#.#...........#######
######....#
#.###...........@SS.#
#......>### #.#
#######.#######.#
#.####### #.# #.# #.#
#.# #.#########.#
#.###.# #.#.........#
#.(...# #.#.#########
####### #...# #####


You could see an adder and a ball python.

Vanquished Creatures
  2 giant cockroaches (D:1)
  5 goblins
  7 hobgoblins
  2 jackals (D:2)
  A kobold (D:2)
  A quokka (D:2)
  2 frilled lizards
  6 rats
26 creatures vanquished.

Notes
Turn   | Place    | Note
-------+----------+-------------------------------------------
     0 | D:1      | pokeman the Deep Elf Wizard began the quest for the Orb.
     0 | D:1      | Reached XP level 1. HP: 10/10 MP: 7/7
   571 | D:1      | Reached XP level 2. HP: 16/16 MP: 6/9
  1031 | D:2      | Found an iron altar of Okawaru.
  1129 | D:2      | Reached skill level 5 in Spellcasting
  1166 | D:2      | Reached XP level 3. HP: 4/20 MP: 1/11
  1212 | D:1      | HP: 1/20 [adder (2)]
  1229 | D:1      | Slain by an adder

Illustrated notes

Levels and vault maps discovered:
D:1:      lightli_arrival_lavapool, layout_basic
D:2:      layout_basic, nicolae_overflow_crystal_walls,
          okawaru_ov_weapons_minmay

Skill      XL: |  1  2 |
---------------+-------+-----
Spellcasting   | 5 |  5.1
Fighting       | |  0.7
Armour         | |  0.7
Dodging        | |  2.4
Stealth        | |  2.4
Conjurations   | |  1.7
Summonings     | |  1.1
Translocations | |  1.1

Action                   || total
-------------------------++-------
Melee: Unarmed           ||     2
       Hand axe          ||    10
 Cast: Magic Dart        ||    61
Armor: Robe              ||     2
       Leather armour    ||    38
Dodge: Dodged            ||    78
